 Dungeon Crawl Stone Soup version 0.31-a0-662-g684573625c (webtiles) character file.

Game seed: 18231437484932388340

1507 KarmaKiller the Cudgeller (level 8, 0/6 HPs)
             Began as a Demonspawn Berserker on Sept 1, 2023.
             Was a Believer of Trog.
             Shot with an arrow by a centaur (6 damage)
             ... on level 6 of the Dungeon.
             The game lasted 00:28:58 (5989 turns).

KarmaKiller the Cudgeller (Demonspawn Berserker)    Turns: 5989, Time: 00:28:58

Health: 0/6        AC: 15    Str: 20    XL:     8   Next: 52%
Magic:  0/8        EV:  7    Int:  8    God:    Trog [**....]
Gold:   348        SH:  4    Dex: 19    Spells: 7/7 levels left

rFire   . . .        o - +3 quarterstaff (chaos)
rCold   + . .        (shield currently unavailable)
rNeg    + + +        g - +1 plate armour {rN+}
rPois   ∞            (helmet restricted)
rElec   .            p - +1 cloak
rCorr   .            (no gloves)
SInv    .            (no boots)
Will    +....        x - amulet of guardian spirit Stlth
                     k - ring of flight
HPRegen 0.21/turn    n - +6 ring of dexterity
MPRegen 0.11/turn

%: guardian spirit
@: death-form, flying
A: vile attack, torment immunity, no potions, reduced hp, hooves 2, horns 1,
condensation shield, demonic touch 2
a: Siphon Essence, Begin Untransformation, Renounce Religion, Trog's Hand


You were on level 6 of the Dungeon.
You worshipped Trog.
Trog was pleased with you.
You were an undying horror.
You visited 1 branch of the dungeon, and saw 6 of its levels.

You collected 348 gold pieces.

Inventory:

Hand Weapons
 c - a +1 heavy dire flail
 l - a +0 antimagic dagger
 o - a +3 quarterstaff of chaos (weapon)
 v - a +6 club
Armour
 g - a +1 plate armour of positive energy (worn)
 p - a +1 cloak (worn)
Jewellery
 e - a ring of poison resistance
 k - a ring of flight (left hand)
 n - a +6 ring of dexterity (right hand)
 r - a ring of fire
 s - an amulet of faith
 x - an amulet of guardian spirit (around neck)
Talismans
 m - a talisman of death (active)
Wands
 u - a wand of flame (19)
Scrolls
 a - 2 scrolls of identify
 f - 3 scrolls of teleportation
 i - a scroll of amnesia
 q - a scroll of poison
 t - a scroll of torment
 w - a scroll of fear
 y - 2 scrolls of immolation {unknown}
Potions
 b - 2 potions of curing
 d - 5 potions of heal wounds
 h - a potion of invisibility
 j - a potion of brilliance


   Skills:
 + Level 4.8 Fighting
 + Level 6.3(6.9) Maces & Flails
 + Level 4.0(5.7) Staves
 + Level 4.8 Armour
 + Level 2.5 Dodging
 + Level 0.5 Stealth
 + Level 1.9 Shields
 + Level 0.5 Shapeshifting


You had 7 spell levels left.
You didn't know any spells.
Your spell library was empty.

Dungeon Overview and Level Annotations

Branches:
Dungeon (6/15)             Temple (0/1) D:6

Altars:
Fedhas
Hepliaklqana

Annotations:
D:6 3 runed translucent doors, riellis1's ghost, novice DsNe; rjrrt's ghost, amateur DsBe


Innate Abilities, Weirdness & Mutations

You are an undying horror.
Your melee and unarmed attacks drain, slow and weaken victims.
You are immune to unholy pain and torment.
You cannot drink.
Your maximum health is decreased, since you lack skill for your form.
You are immune to poison.
You have hoof-like feet.
You have a pair of small horns on your head.
A meltable shield of frost defends you. (SH +4)
Your touch may inflict irresistible damage on your foes.


Message History

You destroy the phantom!
Trog accepts your kill.
There is a blossoming altar of Fedhas here.
There is a blossoming altar of Fedhas here.
You reach down and open the door.
There is an open door here.
A scorpion comes into view.
You hit the scorpion.
The scorpion decays.
You burn the scorpion. You kick the scorpion.
The scorpion is severely wounded.
The scorpion stings you but does no damage.
You closely miss the scorpion. Your kick misses the scorpion.
Your headbutt misses the scorpion.
The scorpion is severely wounded.
The scorpion stings you.
You sock the scorpion!
You kill the scorpion!
Trog accepts your kill.
Your base Staves skill increases to level 4!
You see here a scorpion corpse.
There is a stone staircase leading up here.
There is a stone staircase leading down here.
Rjrrt's ghost turns its malevolent gaze towards you.
Riellis1's ghost whispers, "The ORB doesn't exist."
Riellis1's ghost screams, "They lied to you.
The Dungeon just goes down and down forever."
Rjrrt's ghost whispers, "There is no future for you."
Riellis1's ghost says, "After I kill you, I will kill you again."
There is a stone staircase leading down here.
There is an open door here.
Found 10 gold pieces.
Found 17 gold pieces.
You now have 338 gold pieces (gained 17).
You now have 348 gold pieces (gained 10).
There is a stone staircase leading up here.
A centaur comes into view.
The centaur shouts!
The centaur wields a +3 orcbow.
The centaur shoots an arrow.
The arrow hits you!
Ouch! That really hurt!
You die...

.. #.....# # #.....# #
#..<..# . #.....# #
#.....# + #.....###### #
#........... #
#........... #
##...z....... #
#.#######............ #
#.....##.............
#####.##.##.##..........
...#.........#.........c
##......................
###..⌠...⌠..#..........
###.........#....(.....
##......>..............


You could see a centaur.

Vanquished Creatures
  A komodo dragon (D:6)
  Edmund (D:5)
  A black bear (D:4)
  A sky beast (D:6)
  3 ogres
  A phantom (D:6)
  4 scorpions
  2 hounds (D:5)
  An orc priest (D:3)
  Crazy Yiuf (D:4)
  Jessica (D:3)
  Ijyb (D:4)
  An iguana (D:3)
  An orc wizard (D:3)
  3 adders
  4 gnolls (D:3)
  2 white imps (D:5)
  An ufetubus (D:3)
  2 dart slugs (D:3)
  9 orcs
  10 endoplasms
  3 giant cockroaches (D:2)
  9 goblins
  6 hobgoblins
  7 jackals
  2 quokkas
  4 ball pythons
  9 bats
  3 frilled lizards
  11 kobolds
  5 rats
110 creatures vanquished.

Notes
Turn   | Place    | Note
-------+----------+-------------------------------------------
     0 | D:1      | KarmaKiller the Demonspawn Berserker began the quest for
                  | the Orb.
     0 | D:1      | Reached XP level 1. HP: 18/18 MP: 1/1
   140 | D:1      | Gained mutation: A meltable shield of frost defends you.
                  | (SH +4) [demonic ancestry]
   140 | D:1      | Reached XP level 2. HP: 22/24 MP: 2/2
   279 | D:1      | Reached skill level 3 in Maces & Flails
   478 | D:1      | Reached ** piety under Trog
   490 | D:1      | Found a faded altar of an unknown god.
   707 | D:2      | Discovered your monstrous ancestry.
   707 | D:2      | Gained mutation: You have a pair of small horns on your
                  | head. [demonic ancestry]
   707 | D:2      | Reached XP level 3. HP: 29/29 MP: 3/3
  1907 | D:3      | Gained mutation: Your touch may inflict minor irresistible
                  | damage on your foes. [demonic ancestry]
  1907 | D:3      | Reached XP level 4. HP: 35/35 MP: 4/4
  2627 | D:3      | Noticed an ogre
  2636 | D:3      | Killed an ogre
  2637 | D:3      | Reached skill level 4 in Maces & Flails
  2637 | D:3      | Reached skill level 1 in Shields
  2637 | D:3      | Gained mutation: You have large cloven feet. [demonic
                  | ancestry]
  2637 | D:3      | Reached XP level 5. HP: 42/42 MP: 5/5
  2763 | D:3      | Noticed Jessica
  2764 | D:3      | Gained mutation: Your touch may inflict irresistible damage
                  | on your foes. [demonic ancestry]
  2764 | D:3      | Reached XP level 6. HP: 48/48 MP: 6/6
  2769 | D:3      | Killed Jessica
  3159 | D:4      | Found a runed translucent door.
  3160 | D:4      | Noticed Crazy Yiuf
  3166 | D:4      | Killed Crazy Yiuf
  3298 | D:4      | Reached *** piety under Trog
  3311 | D:4      | Reached skill level 5 in Maces & Flails
  3549 | D:4      | Found a hazy altar of Hepliaklqana.
  3682 | D:4      | Noticed Ijyb
  3691 | D:4      | Killed Ijyb
  4036 | D:5      | Entered Level 5 of the Dungeon
  4036 | D:5      | Noticed Edmund
  4048 | D:5      | Killed Edmund
  4049 | D:5      | Reached skill level 1 in Staves
  4049 | D:5      | Gained mutation: You have hoof-like feet. [demonic
                  | ancestry]
  4049 | D:5      | Reached XP level 7. HP: 53/55 MP: 7/7
  4439 | D:5      | Reached skill level 6 in Maces & Flails
  5181 | D:6      | Found a runed translucent gate.
  5182 | D:6      | Found a runed translucent gate.
  5183 | D:6      | Found a runed translucent gate.
  5184 | D:6      | Noticed rjrrt's ghost (amateur DsBe)
  5184 | D:6      | Noticed riellis1's ghost (novice DsNe)
  5273 | D:6      | Reached XP level 8. HP: 6/61 MP: 8/8
  5298 | D:6      | Found a staircase to the Ecumenical Temple.
  5512 | D:6      | Noticed a komodo dragon
  5526 | D:6      | Killed a komodo dragon
  5552 | D:6      | Found a blossoming altar of Fedhas.
  5989 | D:6      | Shot with an arrow by a centaur

Illustrated notes

Levels and vault maps discovered:
D:1:      nagdon_arrival_double_spiral, layout_rooms,
          hellmonk_ecumenical_altar_heavens_door, corner_web_ring
D:2:      layout_basic
D:3:      layout_loops_ring, good_gods_mini_temple, grunt_ministairs_8,
          minivault_23, uniq_jessica
D:4:      layout_loops_ring, nzn_hepliaklqana_mist_gate,
          uniq_crazy_yiuf_cottage, uniq_ijyb
D:5:      layout_loops_ring, uniq_edmund
D:6:      layout_basic, lemuel_round_altar, minmay_temple_entry_large_hall,
          gammafunk_ghost_cemetery

Skill      XL: |  1  2  3  4  5  6  7  8 |
---------------+-------------------------+-----
Armour         | 2 3 4 |  4.8
Dodging        | 2 |  2.5
Maces & Flails | 3 4 5 6 |  6.3
Fighting       | 4 |  4.8
Shields        | 1 |  1.9
Staves         | 1 2 4 |  4.0
Stealth        | |  0.5
Shapeshifting  | |  0.5

Action                     |  1- 3 |  4- 6 |  7- 9 || total
---------------------------+-------+-------+-------++-------
  Melee: Mace              |   123 |    32 |       ||   155
         Headbutt          |     3 |    13 |    13 ||    29
         Flail             |       |    40 |       ||    40
         Touch             |       |     9 |       ||     9
         Kick              |       |    11 |    18 ||    29
         Quarterstaff      |       |    32 |    50 ||    82
 Invoke: Berserk           |     4 |     7 |       ||    11
         Trog's Hand       |       |       |     1 ||     1
    Use: Scroll            |     4 |     5 |     1 ||    10
         Potion            |     4 |     2 |       ||     6
 Armour: Animal skin       |    35 |       |       ||    35
         Plate armour      |    57 |    69 |    27 ||   153
         Ring mail         |     5 |       |       ||     5
  Dodge: Dodged            |    70 |    21 |    11 ||   102
  Block: Other             |    26 |    14 |     5 ||    45
   Form: Death             |       |       |     1 ||     1

Table legend: (Time is in decaauts)
 A = Elapsed time spent in this place.
 B = Non-inter-level travel time spent in this place.
 C = Inter-level travel time spent in this place.
 D = Time resting spent in this place.
 E = Time spent auto-exploring this place.
 F = Levels seen in this place.
 G = Mean time per level.
                   A        B        C        D        E       F      G
               +--------+--------+--------+--------+--------+-----+--------+
         Total |   6130 |   5918 |    212 |    801 |      0 |   6 | 1021.7 |
       Dungeon |   6130 |   5918 |    212 |    801 |      0 |   6 | 1021.7 |
               +--------+--------+--------+--------+--------+-----+--------+

Top non-repeatable levels by time:
     D:3: 1234 daAuts
     D:2: 1210 daAuts
     D:6: 1012 daAuts
     D:4: 999 daAuts
     D:5: 950 daAuts
     D:1: 723 daAuts
